[Event "Early-Titled-Tuesday-Blitz-January-16-2024"]
[Site "Chess.com"]
[Date "2024.01.16"]
[Round "6"]
[White "Practical-Play"]
[Black "Nikita_Klepikov"]
[Result "0-1"]
[WhiteElo "2493"]
[BlackElo "2361"]
[TimeControl "180+1"]
[EndTime "9:08:41 PST"]
[Termination "Nikita_Klepikov won by checkmate"]

1. f3 d5 2. Kf2 c5 3. e3 Nc6 4. d4 cxd4 5. exd4 e5 6. Bb5 Qb6 7. Nc3 Be6 8. Nge2 O-O-O 9. Be3 e4 10. a4 f5 11. Nf4 Bf7 12. h4 Nf6 13. Qd2 Bd6 14. a5 Nxa5 15. Ncxd5 Nxd5 16. Nxd5 Bxd5 17. Qxa5 f4 18. Bc1 Qxd4+ 19. Kf1 Bc5 20. Qd2 Bc4+ 21.
Bxc4 Qxc4+ 22. Qe2 Rd1# 0-1

[Event "Early-Titled-Tuesday-Blitz-January-16-2024"]
[Site "Chess.com"]
[Date "2024.01.16"]
[Round "6"]
[White "kritipatel"]
[Black "andrzej"]
[Result "1-0"]
[WhiteElo "2189"]
[BlackElo "2368"]
[TimeControl "180+1"]
[EndTime "9:08:41 PST"]
[Termination "kritipatel won by checkmate"]

1. e4 e5 2. Nf3 Nf6 3. Nxe5 d6 4. Nf3 Nxe4 5. d3 Nf6 6. d4 g6 7. Bd3 Bg7 8. O-O O-O 9. c3 c5 10. Bg5 Qb6 11. Qd2 Bg4 12. Be2 Nc6 13. Qf4 Bxf3 14. Bxf3 Qxb2 15. Bxf6 Qxa1 16. h4 cxd4 17. h5 Nd8 18. h6 Bxf6 19. Qxf6 Ne6 20. Bd5 dxc3 21.
Bxe6 c2 22. Qxa1 cxb1=Q 23. Qg7# 1-0

[Event "Early-Titled-Tuesday-Blitz-January-16-2024"]
[Site "Chess.com"]
[Date "2024.01.16"]
[Round "6"]
[White "Volodar_Murzin"]
[Black "Lennis93"]
[Result "1-0"]
[WhiteElo "2929"]
[BlackElo "2777"]
[TimeControl "180+1"]
[EndTime "9:08:51 PST"]
[Termination "Volodar_Murzin won on time"]

1. d4 g6 2. e4 Bg7 3. f4 d6 4.
Nf3 a6 5. Be3 b5 6. Nbd2 e6 7.
a4 b4 8. a5 Bb7 9. Bd3 Nd7 10.
O-O c5 11. dxc5 dxc5 12. Nc4 Qc7 13. e5 Nh6 14. Nd6+ Kf8 15. Ng5 Bd5 16. Bc4 Qc6 17.
Qe2 Kg8 18. Rfd1 Bxc4 19. Qxc4 Rf8 20. Qe4 Qc7 21. Qb7 Qd8 22. Ndxf7 Nxf7 23. Rxd7 Qe8 24. Re7 Qb5 25. Rxf7 Qxb7 26. Rxb7 Bh6 27. Nxe6 Re8 28.
Nxc5 Rxe5 29. Bd4 Rxc5 30. Bxc5 1-0

[Event "Early-Titled-Tuesday-Blitz-January-16-2024"]
[Site "Chess.com"]
[Date "2024.01.16"]
[Round "6"]
[White "guillembaches"]
[Black "alekroth65"]
[Result "1-0"]
[WhiteElo "2521"]
[BlackElo "2355"]
[TimeControl "180+1"]
[EndTime "9:08:51 PST"]
[Termination "guillembaches won by resignation"]

1. d4 e5 2. e3 exd4 3. exd4 d5 4. Nf3 Bg4 5. h3 Bh5 6. Qe2+ Qe7 7. Be3 Nc6 8. Nc3 O-O-O 9. g4 Bg6 10. O-O-O Nf6 11. Ne5 Nxe5 12. dxe5 Qxe5 13. f4 Qe8 14. f5 Bb4 15. Bd4 Ne4 16. Nxe4 dxe4 17. fxg6 hxg6 18. Bxg7 Rxd1+ 19. Qxd1 Rg8 20. Qd4 Ba5 21. Qxa7 Bb6 22.
Qa8+ Kd7 23. Bb5+ c6 24. Qxb7+ 1-0

[Event "Early-Titled-Tuesday-Blitz-January-16-2024"]
[Site "Chess.com"]
[Date "2024.01.16"]
[Round "6"]
[White "GroovyKettle"]
[Black "LyonBeast"]
[Result "0-1"]
[WhiteElo "2944"]
[BlackElo "3145"]
[TimeControl "180+1"]
[EndTime "9:08:53 PST"]
[Termination "LyonBeast won by resignation"]

1. e4 e5 2. Nf3 Nc6 3. Bb5 a6 4. Ba4 Nf6 5. d3 b5 6. Bb3 Bc5 7. Nc3 d6 8. Nd5 h6 9. c3 Rb8 10. O-O O-O 11. d4 Ba7 12. Be3 Ng4 13. dxe5 Nxe3 14.
fxe3 Nxe5 15. Nxe5 dxe5 16. Qh5 c6 17. Nf6+ Kh8 18.
Ng4 f6 19. Kh1 Qe8 20. Qh4 Rb7 21. Rad1 Re7 22. Rd6 Qg6 23. Rxc6 Qxg4 0-1

[Event "Early-Titled-Tuesday-Blitz-January-16-2024"]
[Site "Chess.com"]
[Date "2024.01.16"]
[Round "6"]
[White "DarZay"]
[Black "The_Straightforward_Rook"]
[Result "0-1"]
[WhiteElo "2254"]
[BlackElo "2476"]
[TimeControl "180+1"]
[EndTime "9:09:00 PST"]
[Termination "The_Straightforward_Rook won by resignation"]

1. e4 c6 2. d4 d5 3. e5 Bf5 4. c3 e6 5. Bd3 Bxd3 6. Qxd3 c5 7.
Nf3 Nc6 8. Be3 Qb6 9. b3 Nh6 10.
O-O Nf5 11. Rd1 cxd4 12. Bxd4 Nfxd4 13. cxd4 Rc8 14. Nc3 Bb4 15. Ne2 h6 16. Nf4 O-O 17. g4 Be7 18. h4 Nb4 19. Qd2 Rc2 20. Qe3 Rfc8 21. Rac1 Qc6 22. Rxc2 Qxc2 23. Rf1 Rc3 24. Ne1 Qb2 25. Qe2 Qxa2 26. Qxa2 Nxa2 27. Ned3 Rxb3 28.
Ra1 Ra3 29. Kf1 Nc3 30. Rc1 b5 31. Ne2 b4 32. Nxc3 Rxc3 33. Ra1 Rxd3 0-1

[Event "Early-Titled-Tuesday-Blitz-January-16-2024"]
[Site "Chess.com"]
[Date "2024.01.16"]
[Round "6"]
[White "LeoWin2012"]
[Black "Jojo_898"]
[Result "0-1"]
[WhiteElo "2239"]
[BlackElo "2468"]
[TimeControl "180+1"]
[EndTime "9:09:02 PST"]
[Termination "Jojo_898 won on time"]

1. e4 d6 2. d4 Nf6 3. Nc3 g6 4.
Be3 c6 5. f3 b5 6. Qd2 h5 7. h4 b4 8. Nce2 a5 9. Nh3 Bg7 10. Ng5 Nbd7 11. Nf4 O-O 12. Nxg6 fxg6 13. Ne6 Qb6 14. d5 c5 15. Nxg7 Kxg7 16. Bh6+ Kf7 17. Bxf8 Nxf8 18. Be2 Ba6 19. g4 c4 20. Qf4 Kg7 21.
gxh5 Nxh5 22. Qg5 c3 23. Bxa6 cxb2 24. Rb1 Qxa6 25. Rg1 Qc4 26. Qxe7+ Kg8 27. Qxd6 Qc3+ 0-1

[Event "Early-Titled-Tuesday-Blitz-January-16-2024"]
[Site "Chess.com"]
[Date "2024.01.16"]
[Round "6"]
[White "Yeritsyaan"]
[Black "garfield_pg"]
[Result "1-0"]
[WhiteElo "2656"]
[BlackElo "2426"]
[TimeControl "180+1"]
[EndTime "9:09:03 PST"]
[Termination "Yeritsyaan won by resignation"]

1. d4 d5 2. Nc3 Nf6 3. Bf4 a6 4.
e3 e6 5. Nf3 c5 6. Bd3 Nc6 7. O-O cxd4 8. exd4 Bd6 9. Bxd6 Qxd6 10. Re1 Bd7 11. Ne2 O-O 12. c3 b5 13. h3 b4 14. g4 a5 15. Ng3 bxc3 16. bxc3 h6 17.
Qd2 Rfb8 18. g5 hxg5 19. Qxg5 Ne7 20. Ne5 Bb5 21. Bc2 Rc8 22. Re3 Qa3 23. Nh5 Nxh5 24. Qxh5 g6 25. Nxg6 fxg6 26. Bxg6 Nxg6 27. Qxg6+ Kh8 28.
Rg3 Qe7 29. Qh6+ Qh7 30. Qf6+ 1-0

[Event "Early-Titled-Tuesday-Blitz-January-16-2024"]
[Site "Chess.com"]
[Date "2024.01.16"]
[Round "6"]
[White "alexrustemov"]
[Black "noblerone"]
[Result "1-0"]
[WhiteElo "2848"]
[BlackElo "2515"]
[TimeControl "180+1"]
[EndTime "9:09:08 PST"]
[Termination "alexrustemov won by resignation"]

1. d4 d5 2. c4 e6 3. Nc3 Nf6 4. Bg5 dxc4 5. e4 c5 6. Nf3 cxd4 7. Qxd4 Qxd4 8. Nxd4 a6 9. Bxc4 Bd7 10. Ke2 Nc6 11. Nxc6 Bxc6 12. f3 Be7 13. Be3 b5 14. Bb3 b4 15.
Na4 Bb5+ 16. Kf2 O-O 17. Rac1 Rac8 18. Nb6 Rb8 19. Rhd1 Rfd8 20. Rxd8+ Rxd8 21. Bc4 Bxc4 22. Rxc4 Kf8 23. Ke2 Ke8 24. Rc6 a5 25. b3 Rb8 26.
Nc4 Bd8 27. Ra6 Rb5 28. Nd6+ 1-0

[Event "Early-Titled-Tuesday-Blitz-January-16-2024"]
[Site "Chess.com"]
[Date "2024.01.16"]
[Round "6"]
[White "Maxfan2008"]
[Black "hawes33"]
[Result "1-0"]
[WhiteElo "2494"]
[BlackElo "2286"]
[TimeControl "180+1"]
[EndTime "9:09:11 PST"]
[Termination "Maxfan2008 won by resignation"]

1. d4 Nf6 2. c4 c5 3. d5 b5 4. cxb5 a6 5. bxa6 Bxa6 6. Nc3 g6 7. g3 Bg7 8. Bg2 d6 9. Nf3 O-O 10. O-O Qb6 11. Ne1 Nbd7 12. Nc2 Ne5 13. b3 c4 14.
Be3 Qc7 15. b4 Nfg4 16. Bd4 Rab8 17. a4 Bc8 18. h3 Nh6 19. g4 f5 20. g5 Nhf7 21.
f4 Nd7 22. Bxg7 Kxg7 23. Nd4 Qa7 24. Kh2 Rxb4 25. Nc6 Qc5 26. Nxb4 Qxb4 27. Qd4+ Kg8 28. a5 Nc5 29. Qe3 e5 30. Rfb1 Nb3 31. Ra4 Qb8 32.
Rxc4 Ba6 33. Rc6 exf4 34. Qxf4 Bb7 35. Rxb3 Qa8 36. Rc7 Ne5 37. Rbxb7 1-0

[Event "Early-Titled-Tuesday-Blitz-January-16-2024"]
[Site "Chess.com"]
[Date "2024.01.16"]
[Round "6"]
[White "TigrVShlyape"]
[Black "NewBornNow"]
[Result "1-0"]
[WhiteElo "2943"]
[BlackElo "2780"]
[TimeControl "180+1"]
[EndTime "9:09:16 PST"]
[Termination "TigrVShlyape won by resignation"]

1. d4 Nf6 2. Bf4 d5 3. e3 a6 4. Nf3 e6 5. c3 c5 6. Nbd2 Nc6 7. Bd3 Bd6 8. Bg3 Bxg3 9. hxg3 Qe7 10. Ne5 Nxe5 11.
dxe5 Nd7 12. f4 b6 13. Qg4 g6 14. Rh6 Bb7 15. O-O-O O-O-O 16. Nf3 b5 17. Qg5 f6 18. exf6 Qxf6 19. Rdh1 Qg7 20. Qh4 e5 21. Bxg6 exf4 22. gxf4 Rhf8 23. Bxh7 Qxg2 24. Qh3 Qe2 25. Re1 Qc4 26.
Kb1 d4 27. Ne5 Qd5 28. e4 1-0

[Event "Early-Titled-Tuesday-Blitz-January-16-2024"]
[Site "Chess.com"]
[Date "2024.01.16"]
[Round "6"]
[White "maciek_92"]
[Black "JiaHaoxiang"]
[Result "1-0"]
[WhiteElo "2844"]
[BlackElo "2615"]
[TimeControl "180+1"]
[EndTime "9:09:20 PST"]
[Termination "maciek_92 won by resignation"]

1. c4 Nf6 2. Nc3 g6 3. g3 Bg7 4. Bg2 O-O 5. e3 c6 6. d4 d5 7. b3 dxc4 8. bxc4 Nbd7 9. Nf3 Nb6 10. Qe2 Be6 11. Nd2 Bg4 12. f3 Be6 13. Ba3 Nfd7 14. Rc1 Rc8 15. O-O h5 16. h3 Re8 17. f4 Nf8 18.
Nce4 Na4 19. g4 hxg4 20. hxg4 Qd7 21. Bh3 f5 22. Ng5 fxg4 23. Nxe6 gxh3 24. Nxg7 Kxg7 25.
Kh1 Nh7 26. Nf3 Nf6 27. Rg1 Rh8 28. Rxg6+ Kf8 29. Rxf6+ Ke8 30. Ne5 Qc7 31. Qg4 c5 32. Rh6 Rf8 33. Qh5+ Kd8 34. Rh8 1-0

[Event "Early-Titled-Tuesday-Blitz-January-16-2024"]
[Site "Chess.com"]
[Date "2024.01.16"]
[Round "6"]
[White "temiksmozg"]
[Black "campochess"]
[Result "0-1"]
[WhiteElo "2621"]
[BlackElo "2155"]
[TimeControl "180+1"]
[EndTime "9:09:21 PST"]
[Termination "campochess won by resignation"]

1. e4 c5 2. Nf3 Nc6 3. d4 cxd4 4.
Nxd4 e5 5. Nb5 a6 6. Nd6+ Bxd6 7. Qxd6 Qe7 8. Qxe7+ Ngxe7 9. c3 d5 10. exd5 Nxd5 11. Nd2 O-O 12. Be2 Nf4 13. Bf3 Bf5 14. O-O Rad8 15.
g3 Nh3+ 16. Kg2 Ng5 17. Bxc6 Bh3+ 18. Kg1 Bxf1 19. Bxb7 Bh3 20. f4 exf4 21. gxf4 Ne6 22. Kf2 Nc5 23. Bf3 Nd3+ 24. Kg3 Bf5 25. Nb3 Rd6 26.
h4 Rg6+ 27. Kh2 Ne1 28. Bd5 Rd8 29. c4 Rxd5 30. cxd5 Nf3+ 0-1

[Event "Early-Titled-Tuesday-Blitz-January-16-2024"]
[Site "Chess.com"]
[Date "2024.01.16"]
[Round "6"]
[White "Manukyan_Artak"]
[Black "NowInChess"]
[Result "1-0"]
[WhiteElo "2553"]
[BlackElo "2303"]
[TimeControl "180+1"]
[EndTime "9:09:21 PST"]
[Termination "Manukyan_Artak won on time"]

1. e4 e6 2. d4 d5 3. e5 c5 4. c3 Nc6 5. Nf3 Qb6 6. a3 f6 7. b4 fxe5 8. Nxe5 Nxe5 9. dxe5 c4 10. Be3 Qc7 11. Bd4 g6 12. Nd2 Bg7 13. Nf3 Nh6 14. g3 O-O 15. Bh3 Nf5 16. Bxf5 Rxf5 17. O-O Bd7 18. Re1 b6 19. Nh4 Rxe5 20. Bxe5 Bxe5 21. Qd2 Re8 22. f4 Bg7 23. Nf3 Re7 24. Re2 h6 25. h4 Be8 26. Rae1 Qd6 27. Ne5 Kh7 28. Nxc4 Qc6 29. Ne5 Qb5 30. Nf3 Qc6 31.
Nd4 Qd6 32. Kg2 1-0

[Event "Early-Titled-Tuesday-Blitz-January-16-2024"]
[Site "Chess.com"]
[Date "2024.01.16"]
[Round "6"]
[White "FairChess_on_YouTube"]
[Black "forevery0ung"]
[Result "1-0"]
[WhiteElo "3091"]
[BlackElo "2849"]
[TimeControl "180+1"]
[EndTime "9:09:26 PST"]
[Termination "FairChess_on_YouTube won on time"]

1. Nf3 d5 2. d4 Nf6 3. c4 e6 4.
Bg5 Nbd7 5. e3 a6 6. cxd5 exd5 7. Nc3 h6 8. Bh4 Bb4 9. Bd3 c5 10. O-O Bxc3 11. bxc3 c4 12. Bc2 O-O 13. Nd2 Qa5 14.
Qc1 Re8 15. a4 Re6 16. f3 Kh8 17. Bb1 Nb6 18. e4 Bd7 19. e5 Ng8 20. f4 Ree8 21.
f5 Nxa4 22. Rf3 b5 23. f6 Qb6 24. fxg7+ Kxg7 25. Nf1 Bg4 26. Rf6 h5 27. Rxb6 1-0

[Event "Early-Titled-Tuesday-Blitz-January-16-2024"]
[Site "Chess.com"]
[Date "2024.01.16"]
[Round "6"]
[White "ylr5000"]
[Black "dropstoneDP"]
[Result "0-1"]
[WhiteElo "2458"]
[BlackElo "3026"]
[TimeControl "180+1"]
[EndTime "9:09:26 PST"]
[Termination "dropstoneDP won by resignation"]

1. d4 d5 2. c4 dxc4 3. e3 Nf6 4. Bxc4 e6 5. Nf3 c5 6. O-O Nc6 7. Nc3 a6 8. a4 cxd4 9. exd4 Be7 10. Re1 O-O 11.
Be3 Nd5 12. Rc1 Nxe3 13. Rxe3 Bf6 14. Rd3 Nb4 15. Rd2 Bd7 16. Qb3 Qb6 17. Ne4 Bc6 18.
Nxf6+ gxf6 19. Qe3 Qa5 20. Ne5 Nd5 21. Nxc6 bxc6 22.
Qh6 Ne7 23. Qxf6 Qxd2 24. Rc3 Ng6 25. Rg3 Rad8 26. h4 Qxd4 0-1

[Event "Early-Titled-Tuesday-Blitz-January-16-2024"]
[Site "Chess.com"]
[Date "2024.01.16"]
[Round "6"]
[White "SHIVACalypso"]
[Black "effefe"]
[Result "0-1"]
[WhiteElo "2443"]
[BlackElo "2312"]
[TimeControl "180+1"]
[EndTime "9:09:26 PST"]
[Termination "effefe won by checkmate"]

1. Nf3 d6 2. c4 Nf6 3. Nc3 g6 4.
g3 Bg7 5. Bg2 O-O 6. O-O e5 7.
d3 Nc6 8. Rb1 Ne8 9. b4 f5 10.
b5 Ne7 11. Qb3 Kh8 12. a4 h6 13.
Ba3 g5 14. c5 f4 15. cxd6 cxd6 16. Nd2 Nf5 17. e3 fxe3 18. fxe3 Nxe3 19. Rxf8+ Bxf8 20. Qf7 Bg7 21. Nd5 Nxd5 22. Bxd5 Nf6 23. Ne4 Nxd5 24. Qxd5 Bh3 25. Nxd6 Qf6 26. Nf7+ Kh7 27. Qxb7 Rc8 28. g4 Rc2 29. Qe4+ Kg8 30. Nd6 Qf2+ 31. Kh1 Qxh2# 0-1

[Event "Early-Titled-Tuesday-Blitz-January-16-2024"]
[Site "Chess.com"]
[Date "2024.01.16"]
[Round "6"]
[White "bitter-cikolata"]
[Black "cycygogne"]
[Result "1-0"]
[WhiteElo "2552"]
[BlackElo "2301"]
[TimeControl "180+1"]
[EndTime "9:09:27 PST"]
[Termination "bitter-cikolata won by resignation"]

1. Nf3 c5 2. e3 Nc6 3. b3 g6 4.
Bb2 Nf6 5. Bxf6 exf6 6. c4 d5 7. cxd5 Qxd5 8. Nc3 Qd8 9. Be2 Bg7 10. O-O O-O 11.
Rc1 b6 12. d4 cxd4 13. Nxd4 Nxd4 14. exd4 Bb7 15. d5 f5 16. Bf3 Rc8 17. Qd2 Qh4 18. Qd3 Rfd8 19. Rfd1 Be5 20. g3 Qf6 21. Nb5 a6 22.
Na3 Rxc1 23. Rxc1 Bb2 24. Rc7 Bxd5 25. Bxd5 Bxa3 26. Bxf7+ Kh8 27. Qxa6 Bc5 28. Qe2 Qd6 29. Rb7 Qc6 30. Ra7 b5 31. Qe5+ 1-0

[Event "Early-Titled-Tuesday-Blitz-January-16-2024"]
[Site "Chess.com"]
[Date "2024.01.16"]
[Round "6"]
[White "inagreV"]
[Black "dosto07"]
[Result "0-1"]
[WhiteElo "2377"]
[BlackElo "2532"]
[TimeControl "180+1"]
[EndTime "9:09:27 PST"]
[Termination "dosto07 won on time"]

1. c4 Nf6 2. Nc3 e5 3. Nf3 Nc6 4. g3 Bb4 5. Bg2 O-O 6. O-O Bxc3 7. bxc3 d6 8. Ne1 Be6 9. d3 Qd7 10.
Nc2 Bh3 11. e4 Bxg2 12. Kxg2 Ne8 13. g4 Ne7 14. Ne3 Ng6 15. Nf5 Kh8 16. h4 Ne7 17. h5 Nxf5 18. gxf5 h6 19. a4 Nf6 20. Be3 c6 21.
Rh1 d5 22. cxd5 cxd5 23. f3 Rfc8 24. Qd2 Rc6 25. Rac1 Rac8 26. Qa2 Ra6 27. a5 b6 28. Qf2 Rxa5 29. Qh4 Ra2+ 30. Kg3 Nh7 31. f6 gxf6 0-1

[Event "Early-Titled-Tuesday-Blitz-January-16-2024"]
[Site "Chess.com"]
[Date "2024.01.16"]
[Round "6"]
[White "Lady_Nika"]
[Black "stasOR4ik"]
[Result "1-0"]
[WhiteElo "2592"]
[BlackElo "2404"]
[TimeControl "180+1"]
[EndTime "9:09:29 PST"]
[Termination "Lady_Nika won by resignation"]

1. d4 d5 2. e3 Nf6 3. f4 Bg4 4. Nf3 Ne4 5. Be2 e6 6. O-O Nd7 7. Ne5 Bxe2 8. Qxe2 Be7 9. Nd2 Ndf6 10. Qb5+ Kf8 11.
Qxb7 Nd6 12. Qa6 Qc8 13. Qe2 h5 14. c4 Qa6 15. Re1 h4 16. c5 Qxe2 17. Rxe2 Nf5 18. b3 Rg8 19. Ndf3 Ne4 20. Ba3 g5 21. fxg5 Bxg5 22.
Nxg5 Rxg5 23. c6+ Ke8 24. Rf1 h3 25. Rf3 hxg2 26. Rh3 Rg8 27. Rxg2 Ng5 28. Rh5 Nf3+ 29. Nxf3 Rxg2+ 30. Kxg2 Nxe3+ 31. Kf2 f6 32. Kxe3 Kf7 33.
Rh7+ Kg6 34. Rxc7 a5 35. Re7 Rc8 36. c7 f5 37. Ne5+ Kf6 1-0

[Event "Early-Titled-Tuesday-Blitz-January-16-2024"]
[Site "Chess.com"]
[Date "2024.01.16"]
[Round "6"]
[White "CaspiIsrael"]
[Black "GodDMuhammad"]
[Result "1-0"]
[WhiteElo "2644"]
[BlackElo "2380"]
[TimeControl "180+1"]
[EndTime "9:09:31 PST"]
[Termination "CaspiIsrael won by resignation"]

1. e4 e5 2. Nf3 f5 3. Nxe5 Qf6 4. d4 d6 5. Nc4 fxe4 6. Nc3 Qg6 7. Ne3 c6 8. d5 Nf6 9. Bc4 Be7 10. a4 Nbd7 11. O-O Ne5 12. Bb3 c5 13. Kh1 O-O 14. Ne2 Nfg4 15. Nxg4 Nxg4 16. Nf4 Qh6 17. h3 Bg5 18. Ne6 Bxe6 19. dxe6 Nxf2+ 20. Kg1 e3 21. e7+ Rf7 22. Bxf7+ Kxf7 23. Qd5+ Kg6 24. Qe6+ Kh5 25. e8=Q+ Rxe8 26. Qxe8+ g6 27. Ra3 Bf4 28. Rxe3 Bxe3 29. Bxe3 Nxh3+ 30. gxh3 Qg7 31. Qe6 1-0

[Event "Early-Titled-Tuesday-Blitz-January-16-2024"]
[Site "Chess.com"]
[Date "2024.01.16"]
[Round "6"]
[White "SantoBlue"]
[Black "DrVitman"]
[Result "1-0"]
[WhiteElo "2945"]
[BlackElo "2783"]
[TimeControl "180+1"]
[EndTime "9:09:32 PST"]
[Termination "SantoBlue won by resignation"]

1. e4 e5 2. Nc3 d6 3. Nf3 Nf6 4. d4 exd4 5. Nxd4 Be7 6. Bc4 O-O 7. O-O Re8 8. Re1 Nbd7 9. a4 Ne5 10. Ba2 Bf8 11. h3 c6 12. Be3 Ng6 13. Qf3 Qa5 14. Rad1 Qh5 15. Qxh5 Nxh5 16. a5 a6 17. Nf3 Be6 18.
Bxe6 fxe6 19. Na4 d5 20. c4 dxc4 21. Nb6 Rad8 22. Nxc4 Bb4 23. Rf1 Nf6 24. Bb6 Rxd1 25. Rxd1 Nxe4 26. Rd7 Re7 27. Rd8+ Nf8 28. Nfe5 Bc5 29.
Bxc5 Nxc5 30. Nb6 g6 31. b4 Ne4 32. Nbd7 1-0

[Event "Early-Titled-Tuesday-Blitz-January-16-2024"]
[Site "Chess.com"]
[Date "2024.01.16"]
[Round "6"]
[White "IM_ArthurDW08"]
[Black "MokshAD1603"]
[Result "1-0"]
[WhiteElo "2783"]
[BlackElo "2605"]
[TimeControl "180+1"]
[EndTime "9:09:33 PST"]
[Termination "IM_ArthurDW08 won by resignation"]

1. e4 e5 2. Nf3 Nc6 3. Bb5 a6 4. Ba4 Nf6 5. d3 b5 6. Bb3 Bc5 7. c3 d6 8. Bg5 h6 9. Bh4 Ba7 10. Nbd2 g5 11. Bg3 O-O 12. O-O Bg4 13. Re1 Nh5 14. Nf1 Nf4 15. Ne3 Be6 16. d4 Bxb3 17. axb3 Bb6 18. h4 Qf6 19. Nf5 Ne7 20. Nh2 Nxf5 21.
Ng4 Qh8 22. exf5 h5 23. Ne3 Qf6 24. Bxf4 gxf4 25. Nd5 Qxh4 26. Qf3 exd4 27. Re4 Kh8 28. Rxf4 Qg5 29. Qh3 Rg8 30. Rh4 Kg7 31. Rxh5 Qd2 32. f6+ Kf8 33. Rh8 Qg5 34. Rxg8+ Qxg8 35. Re1 dxc3 36.
Qh6+ 1-0

[Event "Early-Titled-Tuesday-Blitz-January-16-2024"]
[Site "Chess.com"]
[Date "2024.01.16"]
[Round "6"]
[White "blitzking1729"]
[Black "lilleper1"]
[Result "1-0"]
[WhiteElo "2697"]
[BlackElo "2921"]
[TimeControl "180+1"]
[EndTime "9:09:36 PST"]
[Termination "blitzking1729 won by resignation"]

1. d4 Nf6 2. Bg5 c5 3. Nc3 cxd4 4. Qxd4 Nc6 5. Qh4 e6 6. O-O-O Be7 7. e4 h6 8. f4 O-O 9. Bxf6 Bxf6 10. Qg3 Qa5 11. e5 Be7 12. Kb1 Rd8 13. Ne4 b6 14. Nf3 Bb7 15.
Nf6+ Kh8 16. Ng5 Rf8 17. Nxd7 hxg5 18. Qh3+ Kg8 19. Bd3 f5 20. exf6 Rxf6 21. Nxf6+ Bxf6 22. Qxe6+ Kf8 23. Bg6 1-0

[Event "Early-Titled-Tuesday-Blitz-January-16-2024"]
[Site "Chess.com"]
[Date "2024.01.16"]
[Round "6"]
[White "GalaxyRoman"]
[Black "Oleksandr_Bortnyk"]
[Result "0-1"]
[WhiteElo "2875"]
[BlackElo "3101"]
[TimeControl "180+1"]
[EndTime "9:09:37 PST"]
[Termination "Oleksandr_Bortnyk won by resignation"]

1. d4 Nf6 2. c4 b6 3. Nc3 Bb7 4.
Bg5 e6 5. f3 h6 6. Bh4 d5 7.
cxd5 exd5 8. e3 Bd6 9. Qa4+ c6 10.
Nxd5 g5 11. Nxf6+ Qxf6 12. Bg3 O-O 13. e4 b5 14. Qd1 Bb4+ 15. Kf2 Rd8 16. Ne2 c5 17.
Be5 Qe7 18. a3 Ba5 19. b4 cxd4 20. bxa5 Qxe5 21. Nc1 d3 22. Nxd3 Qd4+ 23. Kg3 Nd7 24. h4 Ne5 25. hxg5 Nxd3 26. Bxd3 Qxd3 27. Qxd3 Rxd3 28.
Rxh6 Bxe4 29. Re1 Bg6 30. Kf4 Rxa3 31. g4 b4 32. Reh1 Kg7 33. Re1 b3 34. Re7 b2 35.
Rxg6+ Kxg6 36. Rb7 Ra4+ 37. Kg3 Rxa5 38. Rxb2 Rxg5 39. f4 Rc5 40. Rb7 a5 41. f5+ Kg5 42. Rxf7 Rc3+ 43. Kf2 Kxg4 44. f6 Kf5 45. Rb7 Kxf6 0-1

[Event "Early-Titled-Tuesday-Blitz-January-16-2024"]
[Site "Chess.com"]
[Date "2024.01.16"]
[Round "6"]
[White "cthulhuuu"]
[Black "lilylg"]
[Result "1-0"]
[WhiteElo "2398"]
[BlackElo "2089"]
[TimeControl "180+1"]
[EndTime "9:09:37 PST"]
[Termination "cthulhuuu won by checkmate"]

1. e4 c6 2. d3 d5 3. Nd2 e6 4. Ngf3 Nf6 5. g3 Be7 6. Bg2 O-O 7. e5 Nfd7 8. O-O c5 9. Re1 Nc6 10.
Nf1 b6 11. h4 Bb7 12. c3 Qc7 13. Bf4 Rad8 14. Ne3 Rfe8 15. h5 Nf8 16. Ng4 d4 17. c4 Rd7 18. Qd2 Qd8 19. Bh6 g6 20. Qf4 Nb4 21. Bxf8 Rxf8 22. Rad1 Bxf3 23. Bxf3 Bg5 24. Nf6+ Bxf6 25. exf6 Re8 26. a3 Na6 27. Bc6 Nb8 28. Ba4 Rb7 29. Bxe8 Qxe8 30. Kg2 Nd7 31. hxg6 hxg6 32.
Rh1 Qd8 33. Rh8+ Kxh8 34. Qh6+ Kg8 35. Qg7# 1-0

[Event "Early-Titled-Tuesday-Blitz-January-16-2024"]
[Site "Chess.com"]
[Date "2024.01.16"]
[Round "6"]
[White "KnightmareJoker"]
[Black "MANOJ_MISHRA123"]
[Result "1-0"]
[WhiteElo "2106"]
[BlackElo "2244"]
[TimeControl "180+1"]
[EndTime "9:09:38 PST"]
[Termination "KnightmareJoker won on time"]

1. e4 c5 2. Nf3 d6 3. d4 cxd4 4. Nxd4 Nf6 5. Nc3 a6 6. Be2 Nbd7 7. Be3 e6 8. O-O Be7 9. f4 Qc7 10. Bf3 O-O 11. g4 e5 12. Nf5 Nc5 13. g5 Nfxe4 14.
Nxe7+ Qxe7 15. Nxe4 Nxe4 16. Bxe4 exf4 17. Rxf4 Qxg5+ 18. Kh1 Qe5 19. Qf3 f5 20. Bd4 Qxe4 21. Rxe4 fxe4 22. Qxe4 Bf5 23. Qxb7 1-0

[Event "Early-Titled-Tuesday-Blitz-January-16-2024"]
[Site "Chess.com"]
[Date "2024.01.16"]
[Round "6"]
[White "SahibSinghKnight"]
[Black "Russian_berezka"]
[Result "0-1"]
[WhiteElo "2673"]
[BlackElo "2565"]
[TimeControl "180+1"]
[EndTime "9:09:39 PST"]
[Termination "Russian_berezka won by resignation"]

1. e4 g6 2. d4 Bg7 3. Nc3 d5 4.
Nxd5 c6 5. Nc3 Qxd4 6. Qxd4 Bxd4 7. Nge2 Bg7 8. Be3 e5 9. O-O-O Ne7 10. h4 h5 11. f3 Be6 12. Kb1 Nd7 13. Nc1 a6 14.
Nb3 O-O-O 15. Na5 Kc7 16. Bc4 Bxc4 17. Nxc4 b5 18. Nd6 Rhf8 19. Rd2 Nc8 20. Rhd1 Nxd6 21. Rxd6 Bf6 22. g3 Be7 23. R6d3 Nb8 24. a4 Rxd3 25. cxd3 Nd7 26. d4 exd4 27. Bxd4 Bf6 28. axb5 axb5 29. Bxf6 Nxf6 30. e5 Nd7 31. f4 Nc5 32. b4 Na6 33. Ne4 Nxb4 34. Ng5 Nd5 35. e6 Nc3+ 36. Kc2 Nxd1 37.
exf7 Kd7 38. Kxd1 Ke7 39. Kd2 Rxf7 40. Nxf7 Kxf7 41. Kc3 Kf6 42. Kd4 Kf5 43. Kc5 Kg4 0-1

[Event "Early-Titled-Tuesday-Blitz-January-16-2024"]
[Site "Chess.com"]
[Date "2024.01.16"]
[Round "6"]
[White "tteshan"]
[Black "PavelShkapenko"]
[Result "0-1"]
[WhiteElo "2592"]
[BlackElo "2775"]
[TimeControl "180+1"]
[EndTime "9:09:40 PST"]
[Termination "PavelShkapenko won by resignation"]

1. e4 e5 2. Nf3 Nc6 3. Bb5 Bc5 4. O-O d6 5. c3 Bd7 6. d4 Bb6 7. Re1 Nge7 8. d5 Nb8 9. Bxd7+ Nxd7 10. Nbd2 O-O 11.
Nc4 f5 12. Nxb6 Nxb6 13. Bg5 Qd7 14. Bxe7 Qxe7 15. exf5 Rxf5 16. Re4 Qf7 17. c4 Rf8 18. Qe2 a5 19. Rc1 Nd7 20. Rf1 Nc5 21. Rg4 Qh5 22. Rg3 Rf4 23. b3 h6 24. Nd4 Qf7 25. Nf3 Qf5 26. h3 Ne4 27. Rg4 Rxg4 28. hxg4 Qxg4 29. Nd4 Qxe2 30. Nxe2 a4 31. bxa4 Ra8 32. f3 Nc5 33. Rb1 Rxa4 0-1

[Event "Early-Titled-Tuesday-Blitz-January-16-2024"]
[Site "Chess.com"]
[Date "2024.01.16"]
[Round "6"]
[White "Marcin"]
[Black "Aleksandar-Topalov"]
[Result "1-0"]
[WhiteElo "2498"]
[BlackElo "2307"]
[TimeControl "180+1"]
[EndTime "9:09:42 PST"]
[Termination "Marcin won by resignation"]

1. Nf3 Nf6 2. c4 g6 3. Nc3 Bg7 4. e4 O-O 5. d4 c5 6. d5 d6 7. Bd3 e6 8. O-O exd5 9. exd5 Bg4 10. h3 Bxf3 11. Qxf3 Nfd7 12. Bc2 Ne5 13. Qe2 Re8 14. f4 Nec6 15. dxc6 Rxe2 16. cxb7 Nc6 17. bxa8=Q Qxa8 18. Nxe2 Na5 19. Bd3 Qe8 20. Bd2 Nc6 21. Rae1 Bxb2 22. Nc3 Qd8 23. Nd5 Bg7 24. Kh1 h5 25. f5 Ne5 26.
Be2 Qh4 27. fxg6 fxg6 28. Bf4 Ng4 29. Bxg4 hxg4 30. Re8+ Kh7 31. Kh2 gxh3 32. gxh3 Qh5 33. Re7 Kg8 34. Bg3 Bd4 35. Nf6+ Bxf6 36. Rxf6 Qd1 37. Rxg6+ Kf8 38. Bxd6 Qc2+ 39. Re2+ 1-0